 Dungeon Crawl Stone Soup version 0.28.0-49-g6dfe1f597d (console) character file.

Game seed: 479748396931707516

3623 Faeu the Cleaver (level 9, 0/121 (124) HPs)
             Began as a Minotaur Berserker on May 14, 2022.
             Was an Elder of Trog.
             Slain by a kobold brigand
             ... wielding a +2 dagger of draining
              (2 damage)
             ... on level 8 of the Dungeon.
             The game lasted 00:27:41 (9303 turns).

Faeu the Cleaver (Minotaur Berserker)               Turns: 9303, Time: 00:27:42

HP:   0/121 (124)   AC: 14    Str: 26    XL:     9   Next: 87%
MP:   8/8           EV:  9    Int:  4    God:    Trog [****..]
Gold: 308           SH:  6    Dex: 10    Spells: 8/8 levels left

rFire   . . .      SeeInvis +   F - +7 spear (freeze) {polearm}
rCold   + . .      Faith    .   u - +0 kite shield
rNeg    . . .      Spirit   .   t - +0 chain mail
rPois   .          Reflect  .   (helmet restricted)
rElec   .          Harm     .   (no cloak)
rCorr   .          Rampage  .   l - +0 pair of gloves
Will    .....                   r - +0 pair of boots
Stlth   ..........              (no amulet)
HPRegen 0.30/turn               c - ring of protection from cold
MPRegen 0.11/turn               x - ring of see invisible

@: berserking, studying Dodging, lightly drained, very quick
A: horns 2, retaliatory headbutt
a: Renounce Religion, Berserk, Trog's Hand, Brothers in Arms


You were on level 8 of the Dungeon.
You worshipped Trog.
Trog was greatly pleased with you.
You visited 1 branch of the dungeon, and saw 8 of its levels.

You collected 308 gold pieces.


Innate Abilities, Weirdness & Mutations

You have a pair of horns on your head.
You reflexively headbutt those who attack you in melee.


   Skills:
 + Level 9.2 Fighting
 + Level 9.3 Axes
 + Level 8.9 Armour
 + Level 9.0 Dodging


You had 8 spell levels left.
You didn't know any spells.
Your spell library contained the following spells:

 Spells                   Type           Power      Damage    Failure   Level
 Animate Skeleton         Necr           0%         N/A       100%        1
 Blink                    Tloc           0%         N/A       100%        2
 Dazzling Flash           Conj/Hex       0%         N/A       100%        3
 Gell's Gravitas          Tloc           0%         N/A       100%        3
 Ignite Poison            Fire/Tmut/Pois 0%         N/A       100%        3
 Lesser Beckoning         Tloc           0%         N/A       100%        3
 Mephitic Cloud           Conj/Pois/Air  0%         N/A       100%        3
 Teleport Other           Tloc           0%         N/A       100%        3
 Agony                    Necr           0%         N/A       100%        5
 Freezing Cloud           Conj/Ice/Air   0%         6-21      100%        5
 Manifold Assault         Tloc           0%         N/A       100%        5
 Silence                  Hex/Air        0%         N/A       100%        5

Inventory:

Hand Weapons
 o - a +2 whip of electrocution {mace}
   (You took it off a gnoll on level 2 of the Dungeon)
 A - a +1 morningstar of holy wrath {mace}
   (You found it on level 5 of the Dungeon)
 F - a +7 spear of freezing (weapon) {polearm}
   (You took it off a gnoll sergeant on level 7 of the Dungeon)
 K - a +2 battleaxe of freezing {axe}
   (You took it off a wight on level 8 of the Dungeon)
Missiles
 G - 6 boomerangs of dispersal {=f!fthrowing}
 H - 12 poisoned darts (quivered) {throwing}
Armour
 l - a +0 pair of gloves (worn)
   (You found it on level 2 of the Dungeon)
 r - a +0 pair of boots (worn)
   (You found it on level 3 of the Dungeon)
 t - a +0 chain mail (worn)
   (You took it off an orc on level 3 of the Dungeon)
 u - a +0 kite shield (worn)
   (You took it off an orc on level 3 of the Dungeon)
 y - the +0 ring mail of the Yeti {Dex+2}
   (You found it on level 4 of the Dungeon)

   Dex:       It affects your dexterity (+2).
Jewellery
 c - a ring of protection from cold (left hand)
   (You found it on level 1 of the Dungeon)
 x - a ring of see invisible (right hand)
   (You found it on level 4 of the Dungeon)
Wands
 D - a wand of iceblast (10)
   (You found it on level 6 of the Dungeon)
 I - a wand of acid (4)
   (You found it on level 7 of the Dungeon)
Scrolls
 b - a scroll of noise {unknown}
 d - 7 scrolls of identify {unknown}
 e - 2 scrolls of fog {unknown}
 f - a scroll of amnesia {unknown}
 k - a scroll of enchant armour {unknown}
 p - 2 scrolls of magic mapping {unknown}
 w - 3 scrolls of teleportation {unknown}
 z - 3 scrolls of vulnerability {unknown}
 B - a scroll of fear {unknown}
 C - a scroll of silence {unknown}
Potions
 a - a potion of might {unknown}
 h - 2 potions of brilliance {unknown}
 i - a potion of mutation {unknown}
 j - 2 potions of flight {unknown}
 q - 4 potions of resistance {unknown}
 s - 5 potions of curing {unknown}
 v - 2 potions of heal wounds {unknown}
 E - a potion of degeneration {unknown}

Dungeon Overview and Level Annotations

Branches:
Dungeon (8/15)             Temple (0/1) D:6
   Lair: D:8-11

Altars:
Hepliaklqana
Sif Muna
Vehumet

Shops:
D:1 *=([?   D:4 *   D:5 *   D:6 = D:8

*
..........#..........#
..........#..........#
..........#..........#
#########....#.......#
#########..###......#
#.......))## ##.....#
#..........#.#......#
#.......#.##.##.#...#
###....####...####..#
###.##$....oK)$##.#
#..#### #@##..#
#...#.## ##.#...#
#......# #....#.#
#.#'#.## ##.###.#
#.#.#..###..# #.#
#.#.#...#...# #.#
#.#...).....###.#
#.#####.>#.#....# #.#
#..#.#.#### #.#
#..#.#.# #.# ...#.#<#


You could see a kobold brigand and an orc.


Message History

The poisoned dart hits the orc wizard!
The orc wizard is poisoned.
The ice beast moves out of view.
The orc wizard moves out of view.
There is an open door here. 😮 HP[-4]
You take 4 damage, and now have 60/83 hp.
You puncture the orc wizard! You freeze the orc wizard.
Your headbutt misses the orc wizard.
The orc warrior hits you with a +0 glaive!
The orc wizard barely misses you. 😮 HP[-9]
You take 9 damage, and now have 51/83 hp.
You hit the orc wizard. You freeze the orc wizard.
You kill the orc wizard!
Trog accepts your kill.
Trog appreciates your killing of a magic user.
A gnoll shaman comes into view. It is wielding a +0 club.
You block the orc warrior's attack. You block the orc warrior's attack.
You barely miss the gnoll shaman. Your headbutt misses the gnoll shaman.
The gnoll shaman misses you.
The orc warrior hits you from afar with a +0 glaive! 😮 HP[-8]
You take 8 damage, and now have 43/83 hp.
You puncture the gnoll shaman! You freeze the gnoll shaman.
You block the gnoll shaman's attack. The orc warrior barely misses you.
You hit the gnoll shaman. You freeze the gnoll shaman.
The gnoll shaman barely misses you. You furiously retaliate!
You headbutt the gnoll shaman.
You kill the gnoll shaman!
Trog accepts your kill. The orc warrior misses you.
You closely miss the ice beast.
You headbutt the ice beast, but do no damage.
The ice beast hits you.
* * * LOW HITPOINT WARNING * * *
The ice beast freezes you! You resist.
* * * LOW HITPOINT WARNING * * *
The orc warrior hits you from afar with a +0 glaive.
* * * LOW HITPOINT WARNING * * *
😨 HP[-14]
You take 14 damage, and now have 29/83 hp.
The ice beast closely misses you.
The orc warrior barely misses you. 😨 HP[+1] Unknown command.
Unknown command.
A red film seems to cover your vision as you go berserk!
You feel yourself moving faster!
You feel mighty! The ice beast hits you.
* * * LOW HITPOINT WARNING * * *
The ice beast freezes you. You resist.
* * * LOW HITPOINT WARNING * * *
The orc warrior closely misses you. 😨 HP[+9]
You now have 124 max hp (+41).
You regained 9 hp, and now have 39/124 hp.
You hit the ice beast. You block the ice beast's attack.
The orc warrior closely misses you.
You puncture the ice beast! Your headbutt misses the ice beast.
You puncture the ice beast!
The ice beast hits you but does no damage.
You block the orc warrior's attack.
You puncture the ice beast!
You kill the ice beast!
Trog accepts your kill.
The orc warrior hits you from afar with a +0 glaive!
* * * LOW HITPOINT WARNING * * *
Your Dodging skill increases to level 9! 😱 HP[-12]
You take 12 damage, and now have 27/124 hp.
You closely miss the orc. Your headbutt misses the orc. You puncture the orc!
You freeze the orc.
You kill the orc!
Trog accepts your kill. You block the orc warrior's attack.
You miss the orc wizard.
The orc warrior hits you from afar with a +0 glaive!
* * * LOW HITPOINT WARNING * * *
The orc wizard hits you with a +1 dagger of speed.
* * * LOW HITPOINT WARNING * * *
😱 HP[-10]
You take 10 damage, and now have 17/124 hp.
You hit the orc wizard. You freeze the orc wizard. You headbutt the orc wizard!
You kill the orc wizard!
Trog accepts your kill.
Trog appreciates your killing of a magic user.
The orc warrior hits you from afar with a +0 glaive!
* * * LOW HITPOINT WARNING * * *
😱 HP[-11]
You take 11 damage, and now have 6/124 hp.
There is an open door, spattered with blood here.
Items here: ! ( ))) [[[ †††. 😱 HP[+1]
You puncture the orc warrior! You freeze the orc warrior!
You headbutt the orc warrior!
You feel the power of Trog in you as your rage grows.
You kill the orc warrior!
Trog accepts your kill.
The kobold brigand hits you with a +2 dagger of draining.
* * * LOW HITPOINT WARNING * * *
You feel drained.
You die...

Skill      XL: |  1  2  3  4  5  6  7  8  9 |
---------------+----------------------------+-----
Axes           | 4 5 6 8 9 |  9.3
Fighting       | 4 5 6 7 9 |  9.2
Armour         | 3 4 5 6 7 8 |  8.9
Dodging        | 3 4 5 6 9 |  9.0

Action                   |  1- 3 |  4- 6 |  7- 9 || total
-------------------------+-------+-------+-------++-------
Melee: Hand axe          |    74 |    45 |       ||   119
       Headbutt          |     9 |    18 |    52 ||    79
       Punch             |     1 |       |       ||     1
       Whip              |       |   139 |   108 ||   247
       Morningstar       |       |       |    12 ||    12
       Spear             |       |       |   142 ||   142
Invok: Berserk           |     2 |     1 |     6 ||     9
Armor: Animal skin       |    21 |    37 |       ||    58
       Chain mail        |       |    21 |   101 ||   122
Dodge: Dodged            |    68 |   125 |   110 ||   303
Block: Kite shield       |       |    15 |    71 ||    86

Levels and vault maps discovered:
D:1:      giann_horns, layout_basic, serial_shops, nicolae_shop_waterfront,
          nicolae_shop_statue_plus, nicolae_shop_overgrown_old_shop,
          nicolae_shop_statue_plus, nicolae_shop_advertising_works
          [nicolae_subvault_shop_adworks]
D:2:      cheibrodos_fertilizer, layout_rooms
D:3:      layout_loops_corners, beargit_hepliaklqana_dungeon_heroes,
          shapermc_ecumenical_altar_rom_forum
D:4:      layout_basic, grunt_ministairs_6, minmay_shop_damaged
D:5:      layout_loops_cross, serial_shops, nicolae_stop_n_shop_2, st_stairs_11,
          kennysheep_diamond, minmay_statues_item
D:6:      layout_loops_corners, minmay_temple_entry_hall, serial_shops,
          nicolae_square_shop, minmay_misc_feat_enclosed, nrook_loot_triangle,
          lemuel_flamethrower_2
D:7:      layout_rooms, lemuel_coloured_pillars_altar, led_sif_pool,
          serial_bayou, serial_bayou_pond_c, serial_bayou_lagoon_a,
          serial_bayou_pond_a, serial_bayou_pond_e, minmay_misc_feat_alley,
          roderic_filled_cross, corexii_checkpoint_a
D:8:      minmay_cornered_nines, layout_basic, serial_shops,
          nicolae_shop_crystal, minmay_fractal_squares_gapless_5, uniq_maggie

Notes
Turn   | Place    | Note
-------+----------+-------------------------------------------
     0 | D:1      | Faeu the Minotaur Berserker began the quest for the Orb.
     0 | D:1      | Reached XP level 1. HP: 19/19 MP: 0/0
     0 | D:1      | magus.rc [v1.9.6]
   333 | D:1      | Reached XP level 2. HP: 17/27 MP: 1/1
   602 | D:1      | Found Idwenki's Weapon Emporium.
   606 | D:1      | Found Fuam's Jewellery Emporium.
   618 | D:1      | You pick up a book of the Senses {forbidden} and begin
                  | reading...
   618 | D:1      | You add the spells Dazzling Flash, Agony and Silence to
                  | your library.
   657 | D:1      | Reached skill level 4 in Axes
   702 | D:1      | Found Unur's Antique Armour Shoppe.
   801 | D:1      | Reached skill level 4 in Fighting
   803 | D:1      | Reached skill level 3 in Armour
   849 | D:1      | Found Erho's Assorted Antiques.
   854 | D:1      | Reached ** piety under Trog
   855 | D:1      | Reached XP level 3. HP: 32/33 MP: 2/2
   928 | D:1      | Found Bixkidog's Magic Scroll Shoppe.
  1582 | D:2      | Reached skill level 3 in Dodging
  1796 | D:2      | Reached XP level 4. HP: 40/40 MP: 3/3
  2309 | D:3      | Found a faded altar of an unknown god.
  2318 | D:3      | Got Plato's Handbook of Evil {forbidden}
  2430 | D:3      | Reached XP level 5. HP: 16/47 MP: 4/4
  2767 | D:3      | Found a hazy altar of Hepliaklqana.
  2771 | D:3      | Found a faded altar of an unknown god.
  2794 | D:3      | Reached skill level 4 in Armour
  2799 | D:3      | Reached *** piety under Trog
  3505 | D:2      | Reached skill level 5 in Fighting
  3505 | D:2      | Reached skill level 5 in Axes
  3740 | D:3      | Reached XP level 6. HP: 50/56 MP: 5/5
  3812 | D:4      | Reached skill level 4 in Dodging
  4448 | D:4      | Found Kucomeef's Lightly-Used Armoury.
  4539 | D:4      | Identified the +0 ring mail of the Yeti {Dex+2}
  4632 | D:4      | Reached **** piety under Trog
  5009 | D:5      | Entered Level 5 of the Dungeon
  5057 | D:5      | Found Xos Buq's General Store.
  5063 | D:5      | Reached skill level 5 in Armour
  5063 | D:5      | Reached XP level 7. HP: 44/62 MP: 6/6
  5420 | D:5      | Reached skill level 6 in Axes
  5421 | D:5      | Reached skill level 6 in Fighting
  5426 | D:5      | HP: 15/63 [poisoned by a killer bee]
  5681 | D:5      | You pick up a book of Spatial Translocations {forbidden}
                  | and begin reading...
  5681 | D:5      | You add the spells Blink, Lesser Beckoning and Manifold
                  | Assault to your library.
  5737 | D:5      | Reached skill level 5 in Dodging
  5886 | D:5      | You add the spells Ignite Poison, Mephitic Cloud and
                  | Freezing Cloud to your library.
  5893 | D:5      | Identified the +7 hand crossbow "Boeleq" {freeze, Str+2
                  | Dex+2}
  5994 | D:6      | Found Ozuaw's Jewellery Emporium.
  6033 | D:6      | Reached skill level 6 in Armour
  6033 | D:6      | Reached XP level 8. HP: 63/71 MP: 7/7
  6448 | D:6      | You pick up a book of Displacement {forbidden} and begin
                  | reading...
  6448 | D:6      | You add the spells Gell's Gravitas and Teleport Other to
                  | your library.
  6530 | D:6      | Reached skill level 7 in Axes
  6708 | D:6      | Found a staircase to the Ecumenical Temple.
  6717 | D:6      | Reached skill level 7 in Fighting
  6961 | D:6      | Reached skill level 6 in Dodging
  7357 | D:7      | Reached skill level 7 in Armour
  7782 | D:7      | Found a shimmering blue altar of Sif Muna.
  8122 | D:7      | Reached skill level 8 in Axes
  8122 | D:7      | Reached XP level 9. HP: 78/81 MP: 8/8
  8133 | D:7      | You pick up a book of the Senses {forbidden} and begin
                  | reading...
  8149 | D:7      | Reached skill level 8 in Fighting
  8293 | D:7      | Reached skill level 7 in Dodging
  8403 | D:7      | Found a radiant altar of Vehumet.
  8754 | D:8      | You pick up a book of Displacement {forbidden} and begin
                  | reading...
  8800 | D:8      | Reached skill level 8 in Armour
  8802 | D:8      | Found Voogarphoo's Assorted Antiques.
  8825 | D:8      | Noticed Maggie
  8835 | D:8      | Killed Maggie
  8836 | D:8      | Reached skill level 8 in Dodging
  9117 | D:8      | Reached skill level 9 in Fighting
  9117 | D:8      | Reached skill level 9 in Axes
  9297 | D:8      | HP: 27/124 [orc warrior/+0 glaive (13)]
  9298 | D:8      | Reached skill level 9 in Dodging
  9301 | D:8      | HP: 6/124 [orc warrior/+0 glaive (11)]
  9303 | D:8      | HP: 2/124 [kobold brigand/+2 dagger of draining (5)]
  9303 | D:8      | Slain by a kobold brigand

Vanquished Creatures
  Maggie (D:8)
  2 wyverns
  2 water moccasins
  An orc warrior (D:8)
  A sky beast (D:7)
  A black bear (D:6)
  2 ice beasts (D:8)
  2 ogres
  A centaur (D:6)
  2 phantoms
  A kobold brigand (D:8)
  2 bullfrogs
  2 gnoll sergeants
  A wyvern skeleton (D:7)
  5 killer bees (D:5)
  2 howler monkeys (D:8)
  5 wights (D:8)
  2 electric eels (D:7)
  2 centaur zombies
  A gnoll shaman (D:8)
  4 hounds
  2 jellies
  A centaur skeleton (D:5)
  8 orc priests
  A bullfrog skeleton (D:6)
  3 iguanas
  8 orc wizards
  A howler monkey zombie (D:7)
  11 gnolls
  5 adders
  A white imp (D:7)
  A worm (D:2)
  A dart slug (D:3)
  30 orcs
  8 ball pythons
  17 endoplasms
  3 giant cockroaches
  7 goblins
  8 hobgoblins
  4 jackals (D:1)
  19 kobolds
  5 quokkas
  10 bats
  2 frilled lizards
  5 rats
203 creatures vanquished.

Vanquished Creatures (others)
  2 fungi (D:2)
  30 plants
  6 toadstools (D:2)
38 creatures vanquished.

Grand Total: 241 creatures vanquished

Table legend:
 A = Non-vault XP
 B = Vault XP
 C = Vault XP percentage of total XP
 D = Non-vault monster count
 E = Vault monster count
 F = Vault count percentage of total count
                 A         B        C        D         E       F
            +---------+---------+-------+---------+---------+-------
      Total |    4368 |     946 |  17.8 |     173 |      30 |  14.8
            +---------+---------+-------+---------+---------+-------
        D:1 |      70 |       0 |   0.0 |      33 |       0 |   0.0
        D:2 |      79 |      71 |  47.3 |      18 |      18 |  50.0
        D:3 |     134 |      44 |  24.7 |      21 |       4 |  16.0
        D:4 |     265 |      77 |  22.5 |      22 |       2 |   8.3
        D:5 |     491 |       0 |   0.0 |      10 |       0 |   0.0
        D:6 |     697 |       0 |   0.0 |      18 |       0 |   0.0
        D:7 |    1275 |       5 |   0.4 |      18 |       2 |  10.0
        D:8 |    1357 |     749 |  35.6 |      33 |       4 |  10.8
            +---------+---------+-------+---------+---------+-------

Illustrated notes

Table legend:
 A = Kills in this place as a percentage of kills in entire the game.
 B = Kills by you in this place as a percentage of kills by you in the entire game.
 C = Kills by friends in this place as a percentage of kills by friends in the entire game.
 D = Other kills in this place as a percentage of other kills in the entire game.
 E = Experience gained in this place as a percentage of experience gained in the entire game.
 F = Experience gained in this place divided by the number of levels of this place that you have seen.
                   A       B       C       D       E      F
               +-------+-------+-------+-------+-------+----------------------
         Total | 100.0 | 100.0 |   N/A |   N/A | 100.0 | 664.2
       Dungeon | 100.0 | 100.0 |   N/A |   N/A | 100.0 | 664.2
               +-------+-------+-------+-------+-------+----------------------

Table legend: (Time is in decaauts)
 A = Elapsed time spent in this place.
 B = Non-inter-level travel time spent in this place.
 C = Inter-level travel time spent in this place.
 D = Time resting spent in this place.
 E = Time spent auto-exploring this place.
 F = Levels seen in this place.
 G = Mean time per level.
                   A        B        C        D        E       F      G
               +--------+--------+--------+--------+--------+-----+--------+
         Total |   9445 |   9110 |    335 |   2485 |   4390 |   8 | 1180.6 |
       Dungeon |   9445 |   9110 |    335 |   2485 |   4390 |   8 | 1180.6 |
               +--------+--------+--------+--------+--------+-----+--------+

Top non-repeatable levels by time:
     D:3: 1735 daAuts
     D:1: 1533 daAuts
     D:6: 1412 daAuts
     D:7: 1409 daAuts
     D:4: 1325 daAuts
     D:2: 839 daAuts
     D:8: 628 daAuts
     D:5: 561 daAuts
